 Dungeon Crawl Stone Soup version 0.21.1-1-g345015f (webtiles) character file.

1636 shakethe the Skirmisher (level 8, -9/67 HPs)
             Began as a Demonspawn Skald on Feb 25, 2018.
             Mangled by a troll (14 damage)
             ... on level 6 of the Dungeon.
             The game lasted 00:20:14 (6369 turns).

shakethe the Skirmisher (Demonspawn Skald)          Turns: 6369, Time: 00:20:15

Health: -9/67      AC: 16    Str: 11    XL:     8   Next: 66%
Magic:  9/11       EV: 12    Int: 17    God:
Gold:   259        SH:  0    Dex: 17    Spells: 2/11 levels left

rFire    + + .     SeeInvis .   f - +2 dagger (protect)
rCold    . . .     Gourm    .   (no shield)
rNeg     . . .     Faith    .   A - +3 leather armour {rF+}
rPois    .         Spirit   .   m - +0 helmet (curse)
rElec    .         Reflect  .   (no cloak)
rCorr    .         Harm     .   (no gloves)
MR       .....                  (no boots)
Stlth    +.........             h - amulet of magic regeneration
HPRegen  0.21/turn              l - ring of protection from fire {rF+, !d}
MPRegen  0.37/turn              s - +4 ring of dexterity

@: lethally poisoned (-9 -> -12), infused, protection aura
A: hooves 2, rugged brown scales 2, demonic guardian 1
a: no special abilities


You were on level 6 of the Dungeon.
You were not hungry.

You visited 1 branch of the dungeon, and saw 6 of its levels.

You collected 259 gold pieces.

Inventory:

Hand Weapons
 a - a +0 hand axe
 f - a +2 dagger of protection (weapon)
   (You took it off a kobold on level 1 of the Dungeon)
Missiles
 D - 51 stones (quivered)
 E - a throwing net {=f, !d}
Armour
 b - a +0 leather armour
 m - a cursed +0 helmet (worn)
   (You found it on level 2 of the Dungeon)
 r - a +0 ring mail of poison resistance
   (You found it on level 2 of the Dungeon)
 v - a +0 shield
   (You found it on level 4 of the Dungeon)
 A - a +3 leather armour of fire resistance (worn)
   (You took it off Ijyb on level 4 of the Dungeon)
 C - a +0 pair of boots
   (You found it on level 3 of the Dungeon)
 M - a +0 pair of boots
   (You found it on level 6 of the Dungeon)
Jewellery
 h - an amulet of magic regeneration (around neck)
   (You found it on level 1 of the Dungeon)
 i - an uncursed ring of protection from cold {rC+, !d}
   (You found it on level 1 of the Dungeon)
 l - a ring of protection from fire (left hand) {rF+, !d}
   (You found it on level 2 of the Dungeon)
 s - a +4 ring of dexterity (right hand)
   (You found it on level 2 of the Dungeon)
 t - an uncursed ring of positive energy {rN+}
   (You found it on level 3 of the Dungeon)
 J - a cursed amulet of faith {unknown}
   (You found it on level 6 of the Dungeon)
 K - an uncursed amulet of guardian spirit {Spirit}
   (You found it on level 5 of the Dungeon)
 N - an uncursed ring of magical power {unknown}
   (You found it on level 6 of the Dungeon)
Wands
 u - a wand of acid (6)
   (You found it on level 3 of the Dungeon)
 y - a wand of iceblast (8)
   (You took it off Ijyb on level 4 of the Dungeon)
Scrolls
 e - 11 scrolls of identify {unknown}
 j - 5 scrolls of fear {unknown}
 k - 5 scrolls of amnesia {unknown}
 n - 2 scrolls of teleportation {unknown}
 o - a scroll of remove curse {unknown}
 p - a scroll of fog {unknown}
 B - 2 scrolls of random uselessness {unknown}
 F - 3 scrolls of blinking {unknown}
 H - a scroll of enchant armour {unknown}
 I - a scroll of magic mapping {unknown}
 O - a scroll of holy word {unknown}
Potions
 g - 3 potions of haste {unknown}
 q - a potion of curing
 w - a potion of resistance {unknown}
 x - a potion of flight {unknown}
 z - a potion of brilliance {unknown}
 G - 2 potions of degeneration {unknown}
 L - a potion of magic {unknown}
Books
 c - a book of Battle
Comestibles
 d - 7 rations


   Skills:
 + Level 5.8 Fighting
 + Level 5.3 Axes
 - Level 0.8 Armour
 - Level 1.7 Dodging
 - Level 2.0 Spellcasting
 + Level 2.2 Hexes
 + Level 5.7 Charms
 + Level 4.9 Necromancy


You had 2 spell levels left.
You knew the following spells:

 Your Spells              Type           Power        Failure   Level  Hunger
a - Infusion              Chrm           ###.         2%          1    #......
r - Regeneration          Chrm/Necr      ###.......   9%          3    ###....
s - Shroud of Golubria    Chrm/Tloc      ##........   12%         2    ###....
z - Spectral Weapon       Hex/Chrm       ###.....     14%         3    ###....


Dungeon Overview and Level Annotations

Branches:
Dungeon (6/15)
 Temple: D:4-7

Altars:
Nemelex Xobeh
Qazlal
Ru
Vehumet

Annotations:
D:6 Monsterracer's ghost, novice MiWz


Innate Abilities, Weirdness & Mutations

You have hoof-like feet.
You are mostly covered in rugged brown scales. (AC +2, +5% HP)
A weak demonic guardian rushes to your aid.


Message History

The ice beast hits you but does no damage.
Your iron imp hits the ice beast.
Your shadow imp completely misses the ice beast.
You now have 10/11 mp.
You hit the ice beast. You kick the ice beast.
Your ufetubus hits the ice beast. x2
The ice beast barely misses your ufetubus.
Your ufetubus hits the ice beast but does no damage.
Your ufetubus closely misses the ice beast.
Your iron imp barely misses the ice beast.
Your shadow imp hits the ice beast but does no damage.
You catch the helpless ice beast completely off-guard!
You hit the ice beast.
You kill the ice beast!
Your Hexes skill increases to level 2!
You swap places.
MP restored: 11 Your skin crawls.
You now have 8/11 mp.
You regained 2 hp, and now have 48/67 hp.
Your magical infusion is running out.
You regained 2 hp, and now have 54/67 hp.
Your skin is crawling a little less now.
MP restored: 11 You hit the killer bee.
Your weapon exudes an aura of protection.
Your kick misses the killer bee.
Your ufetubus disappears in a puff of smoke!
Your shadow imp disappears in a puff of smoke!
Your iron imp disappears in a puff of smoke!
The killer bee stings you. The killer bee closely misses you.
You take 3 damage, and have 53/67 hp.
You now have 10/11 mp.
You miss the killer bee. You kick the killer bee!
You are no longer magically infusing your attacks.
The killer bee stings you. The killer bee closely misses you.
You take 4 damage, and have 49/67 hp.
You hit the killer bee. Your kick misses the killer bee.
The killer bee stings you but does no damage.
The killer bee barely misses you.
You regained 2 hp, and now have 51/67 hp.
MP restored: 11 You hit the killer bee but do no damage.
The killer bee stings you but does no damage.
The killer bee closely misses you.
You hit the killer bee.
Your skin stops crawling.
The killer bee stings you. The killer bee stings you!
You are poisoned.
The killer bee poisons you!
You take 9 damage, and have 43/67 hp.
You closely miss the killer bee. Your kick misses the killer bee.
You feel sick.
The killer bee stings you but does no damage.
The killer bee misses you.
You take 1 damage, and have 42/67 hp.
You barely miss the killer bee. Your kick misses the killer bee.
You feel sick. The killer bee stings you.
You are more poisoned.
The killer bee poisons you!
The killer bee stings you but does no damage.
You take 4 damage, and have 38/67 hp.
You hit the killer bee.
You kill the killer bee!
You feel sick.
You feel sick.
You see here a killer bee corpse.
You take 1 damage, and have 37/67 hp.
You butcher the killer bee corpse.
You feel sick.
The hound barks!
You hear a shout!
A troll comes into view.
You see here an inedible chunk of flesh {@w0@w0}.
You take 1 damage, and have 36/67 hp.
The hound closely misses you. x2
You begin infusing your attacks with magical energy.
You feel sick. The troll barely misses you. The troll claws you.
The troll barely misses you. The hound bites you but does no damage.
You take 2 damage, and have 34/67 hp.
You now have 10/11 mp.
You hit the hound.
Your weapon exudes an aura of protection.
You kick the hound.
You feel sick. The hound closely misses you. The troll bites you.
The troll claws you. The troll claws you but does no damage.
The hound bites you.
Your shadow imp hits the troll but does no damage.
You take 10 damage, and have 24/67 hp.
You hit the hound. Your kick misses the hound.
You feel sick. The troll misses you. The troll claws you.
* * * LOW HITPOINT WARNING * * *
The troll claws you!
* * * LOW HITPOINT WARNING * * *
The hound bites you but does no damage.
Your shadow imp hits the troll.
You take 18 damage, and have 6/67 hp.
MASSIVE DAMAGE!!
You now have 9/11 mp.
The hound barely misses you.
Your iron imp barely misses the troll.
The hound barely misses you.
Your shadow imp closely misses Monsterracer's ghost.
You hit the hound!
You kill the hound!
You feel sick. The troll bites you!
You die...

###### #..#).# #
###..#..#
#......#..#
.....W#..#
W#####..#####..
.....#..#....!.
....5#[.#......
#####W.#..#..####
#..@T5.#..#.....
#..†...#..#......
#..#####..#####..
#......#..#oY%...
#......#..#o.....
#####.!#..#o.####
#......#..#.....
#..†...#..#......
#..#####††#####..


You could see a troll, Monsterracer's ghost, a friendly iron imp and a friendly
shadow imp.

Vanquished Creatures
  The ghost of buskinjo the Magician, an amateur DrWz (D:5)
  The ghost of kaesh the Shield-Bearer, an amateur MiFi of Okawaru (D:3)
  Duvessa (D:4)
  The ghost of letownia2 the Chiller, an amateur VSIE (D:4)
  An ice beast (D:6)
  2 ogres (D:6)
  A big kobold (D:4)
  A bullfrog (D:6)
  Dowan (D:4)
  A scorpion (D:5)
  A killer bee (D:6)
  A crimson imp (D:6)
  A bullfrog zombie (D:6)
  2 hounds
  A centaur zombie (D:5)
  A centaur skeleton (D:6)
  An orc priest (D:6)
  2 iguanas
  Ijyb (D:4)
  2 worker ants
  A worker ant zombie (D:5)
  9 adders
  An adder zombie (D:5)
  An adder skeleton (D:6)
  3 worms
  A dart slug (D:3)
  4 leopard geckos
  7 orcs
  5 ball pythons
  5 giant cockroaches
  5 goblins
  8 hobgoblins
  2 jackals (D:2)
  4 quokkas
  6 bats
  3 frilled lizards
  7 kobolds
  8 rats
  A bush (D:4)
  A plant (D:4)
106 creatures vanquished.

Vanquished Creatures (collateral kills)
  An ogre (D:6)
  A scorpion (D:4)
  2 howler monkeys (D:4)
  A worker ant (D:6)
  An adder (D:6)
  2 giant cockroaches
  2 kobolds (D:4)
10 creatures vanquished.

Vanquished Creatures (others)
  A plant (D:4)
1 creature vanquished.

Grand Total: 117 creatures vanquished

Notes
Turn   | Place    | Note
-------+----------+-------------------------------------------
     0 | D:1      | shakethe the Demonspawn Skald began the quest for the Orb.
     0 | D:1      | Reached XP level 1. HP: 16/16 MP: 3/3
   148 | D:1      | Reached skill level 2 in Axes
   173 | D:1      | Gained mutation: You are partially covered in rugged brown scales. (AC +1, +3% HP) [demonic ancestry]
   173 | D:1      | Reached XP level 2. HP: 14/22 MP: 5/5
   272 | D:1      | Reached skill level 3 in Charms
   687 | D:2      | Found a radiant altar of Vehumet.
   716 | D:2      | Found a sparkling altar of Nemelex Xobeh.
   728 | D:2      | Gained mutation: A weak demonic guardian rushes to your aid. [demonic ancestry]
   728 | D:2      | Reached XP level 3. HP: 12/28 MP: 2/6
  1134 | D:2      | Found a sacrificial altar of Ru.
  1232 | D:2      | Found a stormy altar of Qazlal.
  1232 | D:2      | Noticed an air elemental
  1233 | D:2      | Noticed a water elemental
  1233 | D:2      | Noticed a fire elemental
  1233 | D:2      | Noticed an earth elemental
  1663 | D:3      | Noticed kaesh's ghost (amateur MiFi)
  1776 | D:3      | Reached skill level 3 in Fighting
  1776 | D:3      | Reached XP level 4. HP: 36/36 MP: 4/7
  1797 | D:3      | Learned a level 2 spell: Shroud of Golubria
  1801 | D:3      | Learned a level 3 spell: Regeneration
  2433 | D:4      | Noticed Ijyb
  2476 | D:4      | Killed Ijyb
  2553 | D:4      | Reached skill level 3 in Axes
  2553 | D:4      | Reached XP level 5. HP: 42/42 MP: 4/8
  2691 | D:4      | Reached skill level 1 in Necromancy
  2759 | D:4      | Noticed Duvessa
  2813 | D:3      | Killed kaesh's ghost
  2813 | D:3      | Reached skill level 4 in Charms
  2813 | D:3      | Gained mutation: You are mostly covered in rugged brown scales. (AC +2, +5% HP) [demonic ancestry]
  2813 | D:3      | Reached XP level 6. HP: 43/50 MP: 6/9
  3219 | D:4      | Noticed letownia2's ghost (amateur VSIE)
  3233 | D:4      | Killed letownia2's ghost
  3233 | D:4      | Reached skill level 4 in Fighting
  3233 | D:4      | Reached skill level 2 in Necromancy
  3954 | D:4      | Reached skill level 4 in Axes
  3954 | D:4      | Gained mutation: You have large cloven feet. [demonic ancestry]
  3954 | D:4      | Reached XP level 7. HP: 57/57 MP: 5/10
  4076 | D:4      | Noticed Dowan
  4117 | D:4      | Killed Duvessa
  4117 | D:4      | Reached skill level 3 in Necromancy
  4138 | D:4      | Killed Dowan
  4256 | D:5      | Entered Level 5 of the Dungeon
  4297 | D:5      | Learned a level 3 spell: Spectral Weapon
  4428 | D:5      | Reached skill level 5 in Charms
  4817 | D:5      | Noticed buskinjo's ghost (amateur DrWz)
  4909 | D:5      | Killed buskinjo's ghost
  4909 | D:5      | Reached skill level 5 in Fighting
  4980 | D:5      | Reached skill level 4 in Necromancy
  4980 | D:5      | Gained mutation: You have hoof-like feet. [demonic ancestry]
  4980 | D:5      | Reached XP level 8. HP: 43/65 MP: 8/11
  5698 | D:6      | Reached skill level 1 in Hexes
  6054 | D:6      | Reached skill level 5 in Axes
  6112 | D:6      | Noticed Monsterracer's ghost (novice MiWz)
  6341 | D:6      | Reached skill level 2 in Hexes
  6364 | D:6      | Noticed a troll
  6367 | D:6      | HP: 6/67 [troll (12)]
  6369 | D:6      | Mangled by a troll

Skill      XL: |  1  2  3  4  5  6  7  8 |
---------------+-------------------------+-----
Axes           | 2 3 4 5 |  5.3
Charms         | 3 4 5 |  5.7
Fighting       | 3 4 5 |  5.8
Necromancy     | 1 2 4 |  4.9
Hexes          | 2 |  2.2
Armour         | |  0.8
Dodging        | |  1.7
Spellcasting   | |  2.0

Action                   |  1- 3 |  4- 6 |  7- 9 || total
-------------------------+-------+-------+-------++-------
Melee: Hand axe          |    45 |       |       ||    45
       Dagger            |    90 |   461 |   300 ||   851
       Kick              |       |       |    52 ||    52
 Cast: Infusion          |     7 |    11 |    20 ||    38
       Shroud of Golubri |       |     6 |     5 ||    11
       Regeneration      |       |       |     5 ||     5
  Use: Potion            |       |       |     2 ||     2
 Stab: Distracted        |       |     3 |     2 ||     5
  Eat: Chunk             |     3 |     4 |     7 ||    14
       Ration            |       |     1 |     1 ||     2
Armor: Leather armour    |    37 |    95 |   140 ||   272
Dodge: Dodged            |    90 |   106 |   189 ||   385

Vault maps used:
D:1:      elethiomel_arrival_infinity_welcomes_careful_drivers
D:2:      nemelex_xobeh_ov_fountains_minmay, overflow_temple_1_default,
          lemuel_doored_altar, first_ration, kennysheep_small_spiral,
          nicolae_qazlal_style_of_elements
D:4:      minmay_misc_feat_hallway, minmay_misc_feat_chi,
          lexackson_kobold_supper, uniq_ijyb, uniq_duvessa
D:5:      wad_crossroads
D:6:      kennysheep_windowed_halls

Table legend:
 A = Turns spent in this place as a percentage of turns spent in the entire game.
 B = Non-inter-level travel turns spent in this place as a percentage of non-inter-level travel turns spent in the entire game.
 C = Inter-level travel turns spent in this place as a percentage of turns spent in this place.
 D = Turns resting spent in this place as a percentage of non-inter-level travel turns spent in this place.
 E = Turns spent auto-exploring this place as a percentage of non-inter-level travel turns spent in this place.
 F = Non-inter-level travel turns spent in this place divided by the number of levels of this place that you've seen.
                   A       B       C       D       E      F
               +-------+-------+-------+-------+-------+----------------------
         Total | 100.0 | 100.0 |   3.6 |  14.1 |  47.8 | 1023.2
       Dungeon | 100.0 | 100.0 |   3.6 |  14.1 |  47.8 | 1023.2
               +-------+-------+-------+-------+-------+----------------------

Table legend:
 A = Kills in this place as a percentage of kills in entire the game.
 B = Kills by you in this place as a percentage of kills by you in the entire game.
 C = Kills by friends in this place as a percentage of kills by friends in the entire game.
 D = Other kills in this place as a percentage of other kills in the entire game.
 E = Experience gained in this place as a percentage of experience gained in the entire game.
 F = Experience gained in this place divided by the number of levels of this place that you have seen.
                   A       B       C       D       E      F
               +-------+-------+-------+-------+-------+----------------------
         Total | 100.0 | 100.0 | 100.0 |   N/A | 100.0 | 389.7
       Dungeon | 100.0 | 100.0 | 100.0 |   N/A | 100.0 | 389.7
               +-------+-------+-------+-------+-------+----------------------
